 Dungeon Crawl Stone Soup version 0.31-a0-981-geadf994542 (webtiles) character file.

Game seed: 4578328205680034604

482 Zonian the Vexing (level 6, -5/33 HPs)
             Began as a Deep Elf Hexslinger on Nov 1, 2023.
             Slain by Blork the orc
             ... wielding a +0 mace
              (10 damage)
             ... on level 6 of the Dungeon.
             The game lasted 00:09:47 (3360 turns).

Zonian the Vexing (Deep Elf Hexslinger)             Turns: 3360, Time: 00:09:48

Health: -5/33      AC:  3    Str:  5    XL:     6   Next: 87%
Magic:  15/16      EV: 18    Int: 20    God:
Gold:   229        SH:  0    Dex: 17    Spells: 10/15 levels left

rFire   x . .        l - +1 dagger (venom)
rCold   + . .        (no shield)
rNeg    . . .        c - +0 robe
rPois   .            (no helmet)
rElec   .            d - +0 cloak
rCorr   .            (no gloves)
SInv    .            (no boots)
Will    ++...        (no amulet)
Stlth   ++           g - +5 ring of evasion
HPRegen 0.25/turn    j - ring "Unoisal" {Ice Will++}
MPRegen 0.15/turn

%: no passive effects
@: no status effects
A: no striking features
a: no special abilities


You were on level 6 of the Dungeon.
You visited 1 branch of the dungeon, and saw 5 of its levels.

You collected 229 gold pieces.

Inventory:

Hand Weapons
 a - a +1 sling
 f - a +2 heavy spear
 l - a +1 dagger of venom (weapon)
Missiles
 e - 10 poisoned darts
Armour
 c - a +0 robe (worn)
 d - a +0 cloak (worn)
 m - a +0 helmet
Jewellery
 g - a +5 ring of evasion (left hand)
 j - the ring "Unoisal" (right hand) {Ice Will++}
   (You acquired it on level 2 of the Dungeon)

   [ring of ice]

   Ice:       It enhances your ice magic.
   rF-:       It makes you vulnerable to fire.
   rC+:       It protects you from cold.
   Will++:    It greatly increases your willpower.
 k - a ring of poison resistance
Scrolls
 b - 3 scrolls of poison
 h - 4 scrolls of amnesia
 n - a scroll of teleportation
Potions
 i - a potion of lignification


   Skills:
 - Level 0.9 Fighting
 + Level 6.0 Ranged Weapons
 - Level 2.6 Dodging
 + Level 5.4 Spellcasting
 + Level 6.6 Hexes
 - Level 1.3 Fire Magic


You had 10 spell levels left.
You knew the following spells:

 Your Spells              Type           Power      Damage    Failure   Level
a - Jinxbite              Hex            62%        N/A       1%          2
b - Sigil of Binding      Hex            31%        N/A       2%          3

Your spell library contained the following spells:

 Spells                   Type           Power      Damage    Failure   Level
 Inner Flame              Hex/Fire       21%        N/A       6%          3
 Cause Fear               Hex            15%        N/A       8%          4
 Dimensional Bullseye     Hex/Tloc       9%         N/A       28%         4


Dungeon Overview and Level Annotations

Branches:
Dungeon (4/15)
 Temple: D:4-7

Altars:
Elyvilon

Annotations:
D:6 Blork the orc


Message History

Blork the orc moves over your binding sigil and is bound in place!
You shoot a sling bullet. The sling bullet hits Blork the orc.
Blork the orc is lightly wounded.
Blork the orc begins to cast a cantrip, but forgets the words!
Unknown command.
You shoot a sling bullet. The sling bullet hits Blork the orc!
Blork the orc is moderately wounded.
You shoot a sling bullet. The sling bullet hits Blork the orc.
Blork the orc is moderately wounded.
You shoot a sling bullet.
The sling bullet closely misses Blork the orc.
You shoot a sling bullet. The sling bullet hits Blork the orc.
Blork the orc is heavily wounded.
You shoot a sling bullet. The sling bullet hits Blork the orc.
Blork the orc is heavily wounded.
You shoot a sling bullet. The sling bullet hits Blork the orc.
Blork the orc is severely wounded.
Blork the orc's lost momentum returns!
Blork the orc misses you.
You shoot a sling bullet. The sling bullet hits Blork the orc.
Blork the orc is severely wounded.
Blork the orc completely misses you. Blork the orc hits you with a +0 mace!
You shoot a sling bullet. The sling bullet hits Blork the orc.
Blork the orc is severely wounded.
Blork the orc closely misses you. x2
Unknown command.
Your +1 dagger of venom begins to drip with poison!
l - a +1 dagger of venom (weapon)
Blork the orc screams, "You are the ugliest creature I've ever seen!"
Blork the orc completely misses you.
Unknown command.
You barely miss Blork the orc.
Blork the orc is severely wounded.
Blork the orc casts a spell at you. The puff of flame hits you!!
The fire burns you terribly!
Ouch! That really hurt!
* * * LOW HITPOINT WARNING * * *
You hit Blork the orc but do no damage.
Blork the orc is severely wounded.
Blork the orc hits you with a +0 mace!
You die...

... ...
..# ..
#.. ..
♣♣♣♣♣# ..
.
#♣..@.♣#
#.#.
♣.^.o.⌠♣
..+###
♣...._.♣
#....#
♣.....⌠♣
#....#
♣......♣#
#....#
♣.....♣#
#....#
♣.....♣
#..+##
♣.....♣
#.....
#♣....♣
##.....


You could see Blork the orc (fast, swift).

Vanquished Creatures
  A black bear (D:6)
  A scorpion (D:4)
  2 jellies
  An orc priest (D:3)
  A gnoll bouda (D:4)
  An orc wizard (D:3)
  5 gnolls (D:4)
  3 adders
  2 ufetubi (D:3)
  3 dart slugs (D:1)
  11 orcs
  3 ball pythons
  10 bats
  4 endoplasms
  A giant cockroach (D:1)
  11 goblins
  6 hobgoblins
  2 jackals (D:2)
  8 kobolds
  3 quokkas
  2 frilled lizards (D:1)
  6 rats
87 creatures vanquished.

Notes
Turn   | Place    | Note
-------+----------+-------------------------------------------
     0 | D:1      | Zonian the Deep Elf Hexslinger began the quest for the Orb.
     0 | D:1      | Reached XP level 1. HP: 11/11 MP: 5/5
   241 | D:1      | Reached XP level 2. HP: 16/16 MP: 6/6
   661 | D:1      | Reached XP level 3. HP: 20/20 MP: 8/8
   708 | D:1      | Learned a level 2 spell: Jinxbite
  1274 | D:2      | Identified a scroll of acquirement
  1274 | D:2      | Acquired the ring "Unoisal" {Ice Will++}
  1380 | D:2      | Reached XP level 4. HP: 18/24 MP: 10/10
  1878 | D:3      | Reached skill level 5 in Hexes
  2307 | D:3      | Reached XP level 5. HP: 17/28 MP: 12/12
  2824 | D:4      | Reached skill level 5 in Ranged Weapons
  2847 | D:4      | Reached XP level 6. HP: 33/33 MP: 14/14
  2999 | D:4      | Learned a level 3 spell: Sigil of Binding
  3216 | D:4      | You fall into a shaft and drop 2 floors!
  3239 | D:6      | Reached skill level 5 in Spellcasting
  3343 | D:6      | Found a white marble altar of Elyvilon.
  3343 | D:6      | Noticed Blork the orc
  3360 | D:6      | Slain by Blork the orc

Illustrated notes

Levels and vault maps discovered:
D:1:      minmay_arrival_widening_spiral_wide, layout_basic
D:2:      layout_rooms
D:3:      layout_basic
D:4:      layout_basic, serial_glass, glass_columns_a, glass_columns_c
D:6:      layout_gridville, kennysheep_ying_yang, uniq_duvessa,
          uniq_blork_the_orc

Skill      XL: |  1  2  3  4  5  6 |
---------------+-------------------+-----
Ranged Weapons | 3 4 5 6 |  6.0
Spellcasting   | 2 3 4 5 |  5.4
Hexes          | 5 6 |  6.6
Fighting       | |  0.9
Dodging        | |  2.6
Fire Magic     | |  1.3

Action                     |  1- 3 |  4- 6 || total
---------------------------+-------+-------++-------
  Melee: Dagger            |       |    17 ||    17
         Punch             |       |     2 ||     2
   Fire: Sling             |   163 |   144 ||   307
   Cast: Jinxbite          |       |     3 ||     3
         Sigil of Binding  |       |     3 ||     3
    Use: Scroll            |     4 |     4 ||     8
         Potion            |       |     1 ||     1
 Armour: Robe              |    29 |    32 ||    61
  Dodge: Dodged            |    59 |    75 ||   134

Table legend: (Time is in decaauts)
 A = Elapsed time spent in this place.
 B = Non-inter-level travel time spent in this place.
 C = Inter-level travel time spent in this place.
 D = Time resting spent in this place.
 E = Time spent auto-exploring this place.
 F = Levels seen in this place.
 G = Mean time per level.
                   A        B        C        D        E       F      G
               +--------+--------+--------+--------+--------+-----+--------+
         Total |   3417 |   3323 |     94 |    908 |   1769 |   5 |  683.4 |
       Dungeon |   3417 |   3323 |     94 |    908 |   1769 |   5 |  683.4 |
               +--------+--------+--------+--------+--------+-----+--------+

Top non-repeatable levels by time:
     D:1: 1088 daAuts
     D:3: 1016 daAuts
     D:2: 751 daAuts
     D:4: 417 daAuts
     D:6: 143 daAuts
